 Dungeon Crawl Stone Soup version 0.27.1-1-g398f81649c (webtiles) character file.

Game seed: 6920289545604151321

513 Metae the Shield-Bearer (level 7, -8/61 HPs)
             Began as a Minotaur Fighter on Sept 18, 2021.
             Was an Initiate of Okawaru.
             Killed by divine providence
             ... invoked by an orc priest
              (12 damage)
             ... on level 5 of the Dungeon.
             The game lasted 00:10:08 (4539 turns).

Metae the Shield-Bearer (Minotaur Fighter)          Turns: 4539, Time: 00:10:09

Health: -8/61      AC: 11    Str: 23    XL:     7   Next: 0%
Magic:  6/6        EV:  6    Int:  5    God:    Okawaru [......]
Gold:   157        SH: 10    Dex:  9    Spells: 6/6 levels left

rFire    . . .     SeeInvis .   a - +0 trident
rCold    . . .     Faith    .   c - +0 kite shield
rNeg     . . .     Spirit   .   k - +0 chain mail
rPois    .         Reflect  .   (helmet restricted)
rElec    .         Harm     .   g - +0 cloak
rCorr    .         Rampage  .   (no gloves)
Will     .....                  (no boots)
Stlth    ..........             (no amulet)
HPRegen  0.20/turn              (no ring)
MPRegen  0.10/turn              (no ring)

@: no status effects
A: horns 2, retaliatory headbutt
a: Renounce Religion


You were on level 5 of the Dungeon.
You worshipped Okawaru.
Okawaru was noncommittal.
You visited 2 branches of the dungeon, and saw 6 of its levels.

You collected 157 gold pieces.

Inventory:

Hand Weapons
 a - a +0 trident (weapon)
 n - a +0 vorpal mace
Missiles
 f - 57 poisoned darts (quivered)
Armour
 b - a +0 scale mail
 c - a +0 kite shield (worn)
 g - a +0 cloak (worn)
 k - a +0 chain mail (worn)
Wands
 m - a wand of paralysis (10)
Scrolls
 l - 2 scrolls of amnesia
 o - a scroll of noise
 p - a scroll of summoning
 r - a scroll of enchant weapon {unknown}
 s - 2 scrolls of teleportation {unknown}
Potions
 d - 2 potions of might
 e - a potion of haste {unknown}
 h - a potion of berserk rage {unknown}
 i - a potion of heal wounds {unknown}
 j - 2 potions of lignification
 q - 2 potions of ambrosia
 t - a potion of flight {unknown}


   Skills:
 + Level 5.6 Fighting
 + Level 5.0 Polearms
 + Level 5.6 Armour
 + Level 5.7 Shields


You had 6 spell levels left.
You didn't know any spells.
Your spell library contained the following spells:

 Spells                   Type           Power      Damage    Failure   Level
 Ensorcelled Hibernation  Hex/Ice        0%         N/A       100%        2
 Passwall                 Tmut/Erth      0%         N/A       100%        2
 Spider Form              Tmut/Pois      0%         N/A       100%        3
 Swiftness                Air            0%         N/A       100%        3
 Invisibility             Hex            0%         N/A       100%        6
 Shadow Creatures         Summ           N/A        N/A       100%        6


Dungeon Overview and Level Annotations

Branches:
Dungeon (5/15)             Temple (1/1) D:4

Altars:
Ashenzari
Cheibriados
Dithmenos
Elyvilon
Fedhas
Gozag
Hepliaklqana
Kikubaaqudgha
Makhleb
Nemelex Xobeh
Okawaru
Qazlal
Ru
Sif Muna
Trog
Uskayaw
Vehumet
Wu Jian
Xom
Yredelemnul
Zin
The Shining One

Shops:
D:1 (


Innate Abilities, Weirdness & Mutations

You have a pair of horns on your head.
You reflexively headbutt those who attack you in melee.


Message History

Reactivating autopickup.
You feel a bit more experienced.
You hear a shout!
The orc priest invokes the aid of Beogh against you.
You barely resist.
A gnoll comes into view. It is wielding a +0 spear.
You hear a shout!
The gnoll shouts!
You have reached level 7!
Reach: a) +0 trident
Press: ? - help, Dir - move target, f - orc priest
Aim: an orc priest, wielding a +0 falchion (about 43% to evade your +0 trident)
Something you can't see is in the way.
Deactivating autopickup; reactivate with Ctrl-A.
You miss something. You block the orc's attack.
Something hits you but does no damage.
Reach: a) +0 trident
Press: ? - help, Dir - move target, f/p - orc priest
Aim: an orc priest, wielding a +0 falchion (about 43% to evade your +0 trident)
Something you can't see is in the way.
You hit something. Your headbutt misses something.
The orc hits you but does no damage.
The orc priest invokes the aid of Beogh against you.
Beogh smites you!
* * * LOW HITPOINT WARNING * * *
You hear some strange, mumbled words.
You are confused.
The orc barely misses you.
You miss something.
The orc priest mumbles some strange prayers to Beogh against you.
Beogh smites you!
* * * LOW HITPOINT WARNING * * *
An orc priest comes into view. It is wielding a +0 dagger.
Something hits you but does no damage.
The orc hits you from afar with a +0 trident.
* * * LOW HITPOINT WARNING * * *
The orc priest begins to cast a cantrip, but forgets the words!
The orc priest shouts!
You hear a shout!
You feel less confused.
The orc priest mumbles some strange prayers to Beogh against you.
Beogh smites you!
You die...

...>.. ##.⌠.# #.o..
##.#.## #..oo ##.#.###
#..g)###### #.⌠.###.
#o....# ..##.###.#
#.h...# #......#.....
#..o..# #............
#.....####....#...##..
#....@....#####+####..
#.........#..##...##..
#.........#........#..
#.........#........#..
#.........##+####'##..
#.........#..##...##..
#.....#+###...........
#.....# .............
#.....# #######'###..


You could see a black bear, 2 orc priests, a gnoll and 3 orcs.

Vanquished Creatures
  An ice beast (D:4)
  A kobold brigand (D:4)
  A scorpion (D:4)
  2 bullfrog skeletons
  A centaur skeleton (D:4)
  2 orc wizards
  A killer bee zombie (D:5)
  A hound skeleton (D:5)
  4 adders
  A gnoll (D:2)
  A worm (D:4)
  A dart slug (D:1)
  8 orcs (D:3)
  9 ball pythons
  8 endoplasms
  4 giant cockroaches
  7 goblins
  4 hobgoblins
  6 jackals
  3 quokkas
  4 bats
  A frilled lizard (D:2)
  11 kobolds
  5 rats
87 creatures vanquished.

Notes
Turn   | Place    | Note
-------+----------+-------------------------------------------
     0 | D:1      | Metae the Minotaur Fighter began the quest for the Orb.
     0 | D:1      | Reached XP level 1. HP: 19/19 MP: 0/0
   226 | D:1      | Found Roffe's Antique Weapon Emporium.
   266 | D:1      | Reached XP level 2. HP: 27/27 MP: 1/1
   743 | D:1      | You fall into a shaft and drop 1 floor!
  1041 | D:1      | Found a faded altar of an unknown god.
  1092 | D:1      | Reached XP level 3. HP: 24/33 MP: 2/2
  1705 | D:2      | Reached XP level 4. HP: 40/40 MP: 3/3
  2157 | D:3      | Reached XP level 5. HP: 42/47 MP: 4/4
  2238 | D:3      | Found a glowing golden altar of the Shining One.
  2797 | D:4      | Reached skill level 5 in Shields
  2801 | D:4      | Reached skill level 5 in Fighting
  2801 | D:4      | Reached skill level 5 in Armour
  3115 | D:4      | Reached XP level 6. HP: 56/56 MP: 5/5
  3117 | D:4      | Noticed an ice beast
  3128 | D:4      | Killed an ice beast
  3582 | D:4      | Found a staircase to the Ecumenical Temple.
  3604 | Temple   | Entered the Ecumenical Temple
  3880 | Temple   | Became a worshipper of Warmaster Okawaru
  4066 | D:5      | Entered Level 5 of the Dungeon
  4113 | D:5      | Reached skill level 5 in Polearms
  4533 | D:5      | Reached XP level 7. HP: 29/61 MP: 6/6
  4539 | D:5      | Killed from afar by an orc priest

Illustrated notes

Levels and vault maps discovered:
D:1:      lordsloth_arrival_two_stooges, layout_basic,
          hellmonk_ecumenical_altar_run_dry, serial_shops, shop
D:2:      layout_basic, minmay_pentomino_pile
D:3:      layout_basic, mainiacjoe_overflow_concentric_impassable
D:4:      layout_loops_corners, minmay_temple_entry_antechambers
D:5:      wander_river, layout_gridville, amcnicky_mini_rare_corridor_liquid,
          minmay_strange_pillars, grunt_decor_mini_mirrors,
          hangedman_decor_growths, minmay_misc_feat_five
Temple:   nicolae_temple_the_god_donut

Skill      XL: |  1  2  3  4  5  6 |
---------------+-------------------+-----
Fighting       | 4 5 |  5.6
Shields        | 4 5 |  5.7
Armour         | 4 5 |  5.6
Polearms       | 3 4 5 |  5.0

Action                   |  1- 3 |  4- 6 |  7- 9 || total
-------------------------+-------+-------+-------++-------
Melee: Trident           |    66 |   152 |     3 ||   221
       Headbutt          |     5 |    23 |       ||    28
Throw: Dart              |       |     3 |       ||     3
  Use: Scroll            |       |     5 |       ||     5
Armor: Scale mail        |    34 |     1 |       ||    35
       Chain mail        |       |    93 |     3 ||    96
Dodge: Dodged            |    31 |    42 |     1 ||    74
Block: Kite shield       |    36 |    87 |     1 ||   124
